 Dungeon Crawl Stone Soup version 0.20.0 (webtiles) character file.

110 Danakh the Skirmisher (level 4, 0/35 HPs)
             Began as a Demonspawn Fighter on May 29, 2017.
             Slain by an adder (2 damage)
             ... on level 2 of the Dungeon.
             The game lasted 00:04:17 (1950 turns).

Danakh the Skirmisher (Demonspawn Fighter)          Turns: 1950, Time: 00:04:18

Health: 0/35       AC:  8    Str: 18    XL:     4   Next: 61%
Magic:  4/4        EV:  7    Int:  9    God:
Gold:   114        SH:  9    Dex: 12    Spells: 3/3 levels left

rFire    . . .     SeeInvis .   a - +0 war axe
rCold    . . .     Gourm    .   c - +0 shield
rNeg     . . .     Faith    .   b - +0 scale mail
rPois    .         Spirit   .   (no helmet)
rElec    .         Reflect  .   (no cloak)
rCorr    .         Harm     .   (no gloves)
MR       .....                  (no boots)
Stlth    ..........             q - amulet of inaccuracy (curse)
Regen    0.2/turn               (no ring)
MPRegen  0.1/turn               (no ring)

@: no status effects
A: hooves 1, yellow scales 1, rot immunity
a: no special abilities


You were on level 2 of the Dungeon.
You were not hungry.

You visited 1 branch of the dungeon, and saw 2 of its levels.

You collected 114 gold pieces.

Inventory:

Hand Weapons
 a - a +0 war axe (weapon)
Armour
 b - a +0 scale mail (worn)
 c - a +0 shield (worn)
Jewellery
 q - a cursed amulet of inaccuracy (around neck)
Scrolls
 g - a scroll of enchant armour {unknown}
 i - a scroll of recharging {unknown}
 k - a scroll of blinking {unknown}
 l - a scroll of fog {unknown}
 m - a scroll of noise {unknown}
 n - a scroll of amnesia {unknown}
 o - 2 scrolls of identify {unknown}
 p - 2 scrolls of remove curse {unknown}
 r - a scroll of fear {unknown}
Potions
 d - a potion of might
 e - a potion of brilliance {unknown}
 h - 2 potions of agility {unknown}
Comestibles
 f - 2 bread rations
 j - 2 royal jellies
 t - 3 fruits


   Skills:
 + Level 3.3 Fighting
 * Level 3.0 Axes
 + Level 3.3 Armour
 + Level 3.3 Shields


You had 3 spell levels left.
You didn't know any spells.

Dungeon Overview and Level Annotations

Branches:
Dungeon (2/15)

Altars:


Innate Abilities, Weirdness & Mutations

You have large cloven feet.
You are partially covered in yellow scales. (AC +2)
You are immune to rotting.


Message History

The adder is heavily wounded.
You block the adder's attack.
Your shield and scale mail prevent you from hitting the adder.
The adder is heavily wounded.
The adder bites you but does no damage. The adder barely misses you.
You completely miss the adder.
The adder is heavily wounded.
You feel sick. The adder barely misses you. You block the adder's attack.
You closely miss the adder. Your kick misses the adder.
The adder is heavily wounded.
You block the adder's attack. x2
You closely miss the adder. Your kick misses the adder.
The adder is heavily wounded.
You feel sick.
You are no longer poisoned.
The adder closely misses you. The adder bites you but does no damage.
You barely miss the adder.
The adder is heavily wounded.
The adder bites you but does no damage. The adder bites you.
You die...

###############..
#........@SbJ....
##.##############
#(# #.# #.# #.#
#.# #.#########
#.........#


You could see an ooze, an adder and a bat.

Vanquished Creatures
  4 gnolls
  2 adders (D:2)
  An ooze (D:1)
  2 worms (D:2)
  4 dart slugs
  9 bats (D:1)
  2 goblins (D:1)
  3 hobgoblins (D:1)
  3 jackals (D:1)
  4 kobolds
  A quokka (D:2)
  A ball python (D:1)
  2 frilled lizards (D:1)
  3 rats (D:1)
41 creatures vanquished.

Notes
Turn   | Place    | Note
-------+----------+-------------------------------------------
     0 | D:1      | Danakh the Demonspawn Fighter began the quest for the Orb.
     0 | D:1      | Reached XP level 1. HP: 18/18 MP: 1/1
    70 | D:1      | Gained mutation: You are immune to rotting. [demonic ancestry]
    70 | D:1      | Reached XP level 2. HP: 4/24 MP: 2/2
   680 | D:1      | Gained mutation: You have large cloven feet. [demonic ancestry]
   680 | D:1      | Reached XP level 3. HP: 22/29 MP: 3/3
  1267 | D:1      | Gained mutation: You are partially covered in yellow scales. (AC +2) [demonic ancestry]
  1267 | D:1      | Reached XP level 4. HP: 18/35 MP: 4/4
  1950 | D:2      | Slain by an adder

Skill      XL: |  1  2  3  4 |
---------------+-------------+-----
Axes           | 2 3 |  3.0
Armour         | 3 |  3.3
Shields        | 3 |  3.3
Fighting       | |  3.3

Action                   |  1- 3 |  4- 6 || total
-------------------------+-------+-------++-------
Melee: War axe           |   141 |   104 ||   245
       Kick              |     8 |    21 ||    29
  Eat: Chunk             |     1 |     3 ||     4
Armor: Scale mail        |    80 |    54 ||   134
Dodge: Dodged            |    57 |    42 ||    99
Block: Shield            |    88 |    49 ||   137
